2703 views
Uploaded 2020-03-12 22:27:56
Game version 1.32.2
29:29 long 1on1 ladder game on (2)TerenasStand_LV
Saved by BEARAND
2703 views
Uploaded 2020-03-12 22:27:56
Game version 1.32.2
29:29 long 1on1 ladder game on (2)TerenasStand_LV

/ 1.5k
23 buildings @ 4k
/ 1.9k


| Wisp | 27 | 1620 | / | 0 |
| Archer | 2 | 260 | / | 20 |
| Huntress | 4 | 780 | / | 80 |
| Mountain Giant | 4 | 1400 | / | 400 |
| Druid of the Claw | 3 | 765 | / | 240 |
| Dryad | 4 | 580 | / | 240 |
| Glaive Thrower | 3 | 630 | / | 195 |
| Chimaera | 5 | 1650 | / | 350 |
| total: | 52 | 7685g | / | 1525w |
| Ancient Protector | 6 | 810 | / | 480 |
| Altar of Elders | 1 | 180 | / | 50 |
| Moon Well | 8 | 1440 | / | 320 |
| Ancient of War | 1 | 150 | / | 60 |
| Hunter's Hall | 1 | 210 | / | 100 |
| Ancient of Wonders | 1 | 90 | / | 30 |
| Tree of Life | 2 | 680 | / | 370 |
| Ancient of Lore | 2 | 310 | / | 290 |
| Chimaera Roost | 1 | 140 | / | 190 |
| Tree of Ages | 1 | 320 | / | 180 |
| Tree of Eternity | 1 | 330 | / | 200 |
| total: | 23 | 4010g | / | 1890w |
| 0:09 | Altar of Elders |
| 0:13 | Moon Well |
| 0:16 | Wisp |
| 0:16 | Wisp |
| 0:16 | Wisp |
| 0:33 | Wisp |
| 0:33 | Wisp |
| 1:01 | Ancient of War |
| 1:33 | Wisp |
| 1:33 | Wisp |
| 1:42 | Moon Well |
| 2:06 | Hunter's Hall |
| 2:12 | Archer |
| 2:18 | Fan of Knives |
| 2:31 | Archer |
| 2:54 | Moon Well |
| 3:19 | Ancient of Wonders |
| 3:22 | Huntress |
| 3:55 | Moon Well |
| 4:14 | Tree of Ages |
| 4:32 | Huntress |
| 4:41 | Huntress |
| 5:13 | Blink |
| 5:23 | Huntress |
| 5:35 | Moon Well |
| 6:40 | Ancient of Lore |
| 6:43 | Wisp |
| 6:43 | Wisp |
| 6:43 | Wisp |
| 6:53 | Ancient of Lore |
| 7:03 | Wisp |
| 7:03 | Wisp |
| 7:50 | Fan of Knives |
| 8:17 | Mountain Giant |
| 8:22 | Druid of the Claw |
| 8:24 | Druid of the Claw Adept Training |
| 8:26 | Druid of the Claw |
| 8:49 | Trueshot Aura |
| 8:56 | Moon Well |
| 9:01 | Moon Well |
| 9:17 | Tree of Eternity |
| 9:55 | Mountain Giant |
| 10:27 | Dryad |
| 10:28 | Dryad |
| 10:28 | Dryad |
| 11:38 | Strength of the Wild |
| 11:39 | Reinforced Hides |
| 11:44 | Druid of the Claw Master Training |
| 11:54 | Abolish Magic |
| 12:35 | Mark of the Claw |
| 12:43 | Tree of Life |
| 13:22 | Dryad |
| 13:26 | Wisp |
| 13:26 | Wisp |
| 14:29 | Ancient Protector |
| 15:13 | Ancient Protector |
| 15:15 | Wisp |
| 15:15 | Wisp |
| 15:15 | Wisp |
| 15:15 | Wisp |
| 15:16 | Wisp |
| 15:16 | Wisp |
| 15:21 | Improved Reinforced Hides |
| 15:25 | Hardened Skin |
| 15:39 | Searing Arrows |
| 16:12 | Druid of the Claw |
| 17:24 | Moon Well |
| 17:26 | Wisp |
| 17:29 | Chimaera Roost |
| 17:34 | Glaive Thrower |
| 17:35 | Glaive Thrower |
| 18:27 | Vorpal Blades |
| 18:27 | Glaive Thrower |
| 18:57 | Shadow Strike |
| 21:10 | Wisp |
| 21:10 | Wisp |
| 21:10 | Wisp |
| 21:30 | Corrosive Breath |
| 21:31 | Chimaera |
| 21:31 | Chimaera |
| 21:32 | Chimaera |
| 21:34 | Chimaera |
| 21:53 | Ancient Protector |
| 21:57 | Ancient Protector |
| 22:01 | Ancient Protector |
| 22:15 | Mountain Giant |
| 22:46 | Mountain Giant |
| 22:51 | Resistant Skin |
| 24:05 | Wisp |
| 25:11 | Ancient Protector |
| 25:13 | Wisp |
| 25:13 | Wisp |
| 26:25 | Chimaera |
| 27:35 | Tree of Life |
| 28:35 | Improved Strength of the Wild |
| Right click | 1765 |
| Select group | 408 |
| Select | 381 |
| Build/train/purchase | 106 |
| Chat | 29 |
| Assign group | 17 |
| Use ability | 10 |
| Remove unit | 1 |
26 units @ 3k
/ 0.3k
114 buildings @ 5.4k
/ 3.1k



| Scroll of Regeneration | 1 | 100 |
| Potion of Healing | 3 | 450 |
| Staff of Sanctuary | 3 | 750 |
| Orb of Fire | 2 | 650 |
| Staff of Teleportation | 3 | 450 |
| Boots of Speed | 3 | 750 |
| total: | 15 | 3150g |
| Peasant | 19 | 1425 | / | 0 |
| Priest | 1 | 135 | / | 10 |
| Dragonhawk Rider | 4 | 800 | / | 120 |
| Goblin Shredder | 1 | 375 | / | 100 |
| Goblin Zeppelin | 1 | 240 | / | 60 |
| total: | 26 | 2975g | / | 290w |
| Scout Tower | 98 | 2940 | / | 1960 |
| Arcane Tower | 8 | 560 | / | 400 |
| Guard Tower | 56 | 3920 | / | 2800 |
| Altar of Kings | 1 | 180 | / | 50 |
| Farm | 5 | 400 | / | 100 |
| Lumber Mill | 1 | 120 | / | 0 |
| Arcane Vault | 2 | 260 | / | 60 |
| Town Hall | 2 | 770 | / | 410 |
| Blacksmith | 1 | 140 | / | 60 |
| Barracks | 1 | 160 | / | 60 |
| Arcane Sanctum | 1 | 150 | / | 140 |
| Gryphon Aviary | 2 | 280 | / | 300 |
| Keep | 1 | 320 | / | 210 |
| Castle | 1 | 360 | / | 210 |
| total: | 114 | 5400g | / | 3140w |
| 0:01 | Peasant |
| 0:07 | Altar of Kings |
| 0:11 | Peasant |
| 0:12 | Peasant |
| 0:17 | Farm |
| 0:20 | Lumber Mill |
| 0:22 | Scout Tower |
| 0:48 | Peasant |
| 0:49 | Peasant |
| 0:57 | Peasant |
| 0:58 | Peasant |
| 1:34 | Farm |
| 1:35 | Arcane Tower |
| 1:36 | Scout Tower |
| 1:44 | Peasant |
| 1:59 | Arcane Vault |
| 2:08 | Guard Tower |
| 2:09 | Blizzard |
| 2:15 | Peasant |
| 2:15 | Peasant |
| 2:16 | Peasant |
| 2:16 | Peasant |
| 2:50 | Peasant |
| 2:50 | Peasant |
| 3:05 | Peasant |
| 3:21 | Peasant |
| 3:22 | Peasant |
| 3:24 | Scout Tower |
| 3:24 | Scout Tower |
| 4:23 | Brilliance Aura |
| 4:32 | Keep |
| 4:53 | Town Hall |
| 5:03 | Scout Tower |
| 5:13 | Scroll of Regeneration |
| 5:30 | Arcane Tower |
| 5:32 | Guard Tower |
| 5:37 | Scout Tower |
| 5:38 | Scout Tower |
| 5:40 | Staff of Teleportation |
| 5:40 | Boots of Speed |
| 5:47 | Guard Tower |
| 6:06 | Scout Tower |
| 6:07 | Scout Tower |
| 6:09 | Scout Tower |
| 6:11 | Guard Tower |
| 6:13 | Scout Tower |
| 6:22 | Improved Masonry |
| 6:25 | Farm |
| 6:26 | Farm |
| 6:58 | Peasant |
| 6:58 | Peasant |
| 7:03 | Guard Tower |
| 7:13 | Guard Tower |
| 7:13 | Guard Tower |
| 7:33 | Scout Tower |
| 7:34 | Scout Tower |
| 7:49 | Storm Bolt |
| 8:01 | Advanced Masonry |
| 8:28 | Guard Tower |
| 8:29 | Guard Tower |
| 8:30 | Scout Tower |
| 8:58 | Blizzard |
| 9:10 | Goblin Shredder |
| 9:10 | Goblin Zeppelin |
| 9:30 | Arcane Sanctum |
| 9:39 | Potion of Healing |
| 9:48 | Potion of Healing |
| 10:25 | Bash |
| 10:40 | Castle |
| 10:45 | Guard Tower |
| 10:47 | Scout Tower |
| 10:48 | Scout Tower |
| 11:05 | Potion of Healing |
| 11:40 | Guard Tower |
| 11:41 | Scout Tower |
| 11:42 | Scout Tower |
| 11:42 | Scout Tower |
| 11:42 | Scout Tower |
| 11:46 | Farm |
| 11:46 | Priest |
| 11:46 | Magic Sentry |
| 12:26 | Scout Tower |
| 12:26 | Scout Tower |
| 12:27 | Scout Tower |
| 12:28 | Scout Tower |
| 13:02 | Storm Bolt |
| 13:29 | Guard Tower |
| 13:30 | Imbued Masonry |
| 13:35 | Guard Tower |
| 13:36 | Scout Tower |
| 13:36 | Scout Tower |
| 13:37 | Scout Tower |
| 13:56 | Staff of Sanctuary |
| 14:17 | Guard Tower |
| 14:19 | Guard Tower |
| 14:23 | Arcane Vault |
| 14:26 | Holy Light |
| 14:32 | Guard Tower |
| 14:34 | Scout Tower |
| 14:35 | Scout Tower |
| 14:36 | Scout Tower |
| 14:36 | Scout Tower |
| 14:42 | Boots of Speed |
| 14:45 | Boots of Speed |
| 14:45 | Staff of Teleportation |
| 15:16 | Guard Tower |
| 15:24 | Brilliance Aura |
| 15:30 | Guard Tower |
| 15:55 | Guard Tower |
| 16:02 | Divine Shield |
| 16:04 | Gryphon Aviary |
| 16:05 | Blacksmith |
| 16:08 | Barracks |
| 16:17 | Town Hall |
| 16:21 | Scout Tower |
| 16:22 | Scout Tower |
| 16:23 | Scout Tower |
| 16:23 | Scout Tower |
| 16:24 | Scout Tower |
| 16:24 | Scout Tower |
| 16:25 | Scout Tower |
| 16:25 | Scout Tower |
| 16:26 | Scout Tower |
| 16:26 | Scout Tower |
| 16:27 | Scout Tower |
| 16:27 | Scout Tower |
| 16:28 | Scout Tower |
| 16:28 | Scout Tower |
| 16:28 | Scout Tower |
| 16:29 | Scout Tower |
| 16:29 | Scout Tower |
| 16:30 | Scout Tower |
| 16:30 | Scout Tower |
| 16:31 | Scout Tower |
| 16:32 | Scout Tower |
| 16:32 | Scout Tower |
| 16:58 | Guard Tower |
| 17:04 | Staff of Sanctuary |
| 17:36 | Scout Tower |
| 17:37 | Scout Tower |
| 17:37 | Scout Tower |
| 17:37 | Scout Tower |
| 17:40 | Orb of Fire |
| 17:40 | Staff of Sanctuary |
| 17:47 | Orb of Fire |
| 18:11 | Guard Tower |
| 18:26 | Guard Tower |
| 18:28 | Scout Tower |
| 18:29 | Scout Tower |
| 18:29 | Scout Tower |
| 18:33 | Arcane Tower |
| 18:33 | Arcane Tower |
| 18:34 | Guard Tower |
| 20:15 | Bash |
| 20:17 | Arcane Tower |
| 20:18 | Arcane Tower |
| 20:18 | Guard Tower |
| 21:13 | Animal War Training |
| 21:19 | Guard Tower |
| 21:20 | Scout Tower |
| 21:21 | Scout Tower |
| 21:22 | Scout Tower |
| 21:22 | Scout Tower |
| 21:23 | Scout Tower |
| 21:24 | Iron Forged Swords |
| 21:24 | Studded Leather Armor |
| 21:25 | Cloud |
| 21:26 | Storm Hammers |
| 22:15 | Guard Tower |
| 22:15 | Guard Tower |
| 22:49 | Holy Light |
| 23:19 | Scout Tower |
| 23:19 | Scout Tower |
| 23:20 | Scout Tower |
| 23:21 | Scout Tower |
| 23:22 | Holy Light |
| 23:30 | Scout Tower |
| 23:31 | Scout Tower |
| 23:31 | Scout Tower |
| 23:32 | Scout Tower |
| 23:32 | Scout Tower |
| 23:32 | Scout Tower |
| 23:33 | Scout Tower |
| 23:37 | Guard Tower |
| 23:38 | Gryphon Aviary |
| 23:39 | Steel Forged Swords |
| 23:39 | Reinforced Leather Armor |
| 25:49 | Scout Tower |
| 25:49 | Scout Tower |
| 25:50 | Scout Tower |
| 25:51 | Scout Tower |
| 25:51 | Scout Tower |
| 25:52 | Scout Tower |
| 26:09 | Guard Tower |
| 26:19 | Staff of Teleportation |
| 26:24 | Guard Tower |
| 26:28 | Guard Tower |
| 26:39 | Scout Tower |
| 26:39 | Scout Tower |
| 26:40 | Scout Tower |
| 26:40 | Scout Tower |
| 26:40 | Scout Tower |
| 26:41 | Scout Tower |
| 26:41 | Scout Tower |
| 26:42 | Scout Tower |
| 26:42 | Scout Tower |
| 26:43 | Scout Tower |
| 26:43 | Scout Tower |
| 26:44 | Scout Tower |
| 26:44 | Scout Tower |
| 26:45 | Scout Tower |
| 26:45 | Scout Tower |
| 26:46 | Scout Tower |
| 27:18 | Dragonhawk Rider |
| 27:19 | Dragonhawk Rider |
| 27:19 | Dragonhawk Rider |
| 27:26 | Guard Tower |
| 27:26 | Guard Tower |
| 27:27 | Guard Tower |
| 27:39 | Guard Tower |
| 27:39 | Guard Tower |
| 27:42 | Arcane Tower |
| 27:42 | Guard Tower |
| 27:55 | Guard Tower |
| 28:16 | Blizzard |
| 28:22 | Guard Tower |
| 28:29 | Dragonhawk Rider |
| 28:32 | Guard Tower |
| 28:37 | Dragonhide Armor |
| 28:51 | Guard Tower |
| Right click | 2606 |
| Select | 871 |
| Select group | 442 |
| Build/train/purchase | 180 |
| Use ability | 97 |
| Chat | 47 |
| Assign group | 31 |
| Item give/drop | 25 |
| Misc. action | 19 |